 Dungeon Crawl Stone Soup version 0.29.1-1-gd02db6906a (webtiles) character file.

Game seed: 3946411250093682025

52 Descartes the Caller (level 3, 0/14 HPs)
             Began as a Felid Wanderer on Oct 14, 2022.
             Succumbed to an adder's poison
             ... on level 2 of the Dungeon.
             The game lasted 00:06:00 (2693 turns).

Descartes the Caller (Felid Wanderer)               Turns: 2693, Time: 00:06:01

Health: 0/14       AC:  1    Str:  8    XL:     3   Next: 60%
Magic:  2/5        EV: 17    Int: 13    God:
Gold:   79         SH:  0    Dex: 17    Spells: 2/4 levels left
                                        Lives:  0   Deaths: 0

rFire   . . .      SeeInvis +     - Unarmed
rCold   . . .      Faith    .   (shield unavailable)
rNeg    . . .      Spirit   .   (body armour unavailable)
rPois   .          Reflect  .   (helmet unavailable)
rElec   .          Harm     .   (cloak unavailable)
rCorr   .          Rampage  .   (gloves unavailable)
Will    .....                   (boots unavailable)
Stlth   ++........              (no amulet)
HPRegen 0.04/turn               (no ring)
MPRegen 0.09/turn               (no ring)

@: brilliant, lethally poisoned (0 -> -2), quick
A: very small, claws 1, fangs 3, see invisible, speed 1, shaggy fur 1, stealthy
paws, no weapons or thrown items, no armour, multi-lived
a: no special abilities


You were on level 2 of the Dungeon.
You visited 1 branch of the dungeon, and saw 2 of its levels.

You collected 79 gold pieces.

Inventory:

Jewellery
 h - a ring of magical power
Scrolls
 b - 2 scrolls of identify {unknown}
 c - a scroll of teleportation {unknown}
 i - a scroll of noise {unknown}
 j - a scroll of butterflies {unknown}
 k - a scroll of amnesia {unknown}
Potions
 a - a potion of berserk rage
 d - a potion of heal wounds {unknown}
 e - a potion of brilliance
 f - a potion of mutation {unknown}
 g - a potion of curing {unknown}


   Skills:
 + Level 2.3 Dodging
 + Level 2.5 Stealth
 + Level 1.2 Unarmed Combat
 - Level 1.0 Spellcasting
 - Level 4.0 Summonings
 + Level 1.4 Transmutations
 + Level 3.0 Poison Magic


You had 2 spell levels left.
You knew the following spells:

 Your Spells              Type           Power      Damage    Failure   Level
a - Sting                 Tmut/Pois      36%        1d4       11%         1
b - Summon Small Mammal   Summ           64%        N/A       5%          1

Your spell library contained the following spells:

 Spells                   Type           Power      Damage    Failure   Level
 Poisonous Vapours        Pois/Air       12%        N/A       22%         2
 Sandblast                Erth           0%         2d4       28%         1
 Passwall                 Tmut/Erth      2%         N/A       32%         2
 Call Canine Familiar     Summ           16%        N/A       16%         3
 Mephitic Cloud           Conj/Pois/Air  4%         N/A       50%         3
 Stone Arrow              Conj/Erth      0%         3d7       63%         3
 Olgreb's Toxic Radiance  Pois           12%        N/A       63%         4


Dungeon Overview and Level Annotations

Branches:
Dungeon (2/15)

Altars:


Innate Abilities, Weirdness & Mutations

You have sharp claws.
You have razor-sharp teeth.
You have supernaturally acute eyesight. (SInv)
You cover ground quickly. (Speed+)
You are covered in fur. (AC +1)
Your paws help you pounce on unaware monsters.
You are incapable of wielding weapons or throwing items.
You cannot wear armour.
You gain extra lives every three experience levels.


Message History

The adder misses you.
Casting: Summon Small Mammal (safe; 5% risk of failure)
Confirm with . or Enter, or press ? or * to list all spells.
Your quokka disappears in a puff of smoke!
Your bat closely misses the adder.
The adder bites you. The adder barely misses you.
You scratch the adder but do no damage.
Your bat hits the adder but does no damage.
The adder completely misses you. x2; Your rat barely misses the adder.
You scratch the adder.
The adder is moderately wounded.
Your bat hits the adder but does no damage.
The adder bites you. x2
You are lethally poisoned!
The adder poisons you! The adder bites you but does no damage.
Your rat closely misses the adder.
Casting: Summon Small Mammal (safe; 5% risk of failure)
Confirm with . or Enter, or press ? or * to list all spells.
* * * LOW HITPOINT WARNING * * *
You feel sick.
Your rat disappears in a puff of smoke!
The bat hits you but does no damage. The adder closely misses you.
The adder misses you. The adder closely misses you.
Your bat barely misses the adder.
* * * LOW HITPOINT WARNING * * *
You feel sick. The bat misses your bat. The adder attacks as you move away!
The adder misses you. The adder attacks as you move away! The adder misses you.
* * * LOW HITPOINT WARNING * * *
You feel sick. The bat barely misses your quokka. The bat misses your quokka.
Your quokka barely misses the adder.
There is an open door here.
You scratch the adder. Your bite misses the adder.
The adder is heavily wounded.
* * * LOW HITPOINT WARNING * * *
You feel sick.
Your bat closely misses the bat.
The adder closely misses you.
Your quokka misses the adder.
It was a potion of brilliance.
You feel clever all of a sudden.
You die...

#...### ##.....##
##.##.## ##.......##
###.#...####.†.......#
...........+.........+
###.#...####.........#
#.##.## ##.......##
#.#### ##.....## #.#
##...## #.# ##@## #.#
##S##### #.# #bSr...#
#...(.§###.# #.#..b§.
......§. ?........##
##.......# #.#.#.#..


You could see 2 adders, a bat, a friendly quokka (summoned) and a friendly bat
(summoned).

Vanquished Creatures
  An adder (D:2)
  A worm (D:2)
  2 bats (D:1)
  2 endoplasms
  A giant cockroach (D:2)
  3 goblins
  3 hobgoblins (D:1)
  A kobold (D:1)
  3 rats
17 creatures vanquished.

Vanquished Creatures (collateral kills)
  A dart slug (D:1)
  3 ball pythons
  2 endoplasms (D:1)
  A giant cockroach (D:1)
  2 goblins (D:2)
  2 bats (D:1)
  A frilled lizard (D:1)
  5 kobolds
  A rat (D:1)
18 creatures vanquished.

Grand Total: 35 creatures vanquished

Notes
Turn   | Place    | Note
-------+----------+-------------------------------------------
     0 | D:1      | Descartes the Felid Wanderer began the quest for the Orb.
     0 | D:1      | Descartes set off with the following items: a potion of
                  | berserk rage; and the following spells available to
                  | memorise: Summon Small Mammal, Sting, Poisonous Vapours,
                  | Call Canine Familiar, Mephitic Cloud.
     0 | D:1      | Reached XP level 1. HP: 7/7 MP: 3/3
     2 | D:1      | Learned a level 1 spell: Sting
     4 | D:1      | Learned a level 1 spell: Summon Small Mammal
   443 | D:1      | Reached XP level 2. HP: 11/11 MP: 1/4
  1108 | D:1      | Reached skill level 1 in Transmutations
  1302 | D:1      | Reached XP level 3. HP: 9/14 MP: 2/5
  1556 | D:2      | Reached skill level 1 in Unarmed Combat
  2693 | D:2      | Succumbed to an adder's poison

Illustrated notes

Levels and vault maps discovered:
D:1:      grunt_arrival_crossed_arrows, layout_basic, serial_glass,
          glass_columns_b, glass_columns_a, minmay_statues_item
D:2:      layout_loops_corners

Skill      XL: |  1  2  3 |
---------------+----------+-----
Stealth        | 2 |  2.5
Dodging        | 2 |  2.3
Transmutations | 1 |  1.4
Unarmed Combat | 1 |  1.2
Poison Magic   | 3 |  3.0
Spellcasting   | |  1.0
Summonings     | |  4.0

Action                   || total
-------------------------++-------
Melee: Unarmed           ||    54
       Bite              ||     6
       Punch             ||     1
 Cast: Summon Small Mamm ||    59
       Sting             ||     4
  Use: Potion            ||     1
 Stab: Sleeping          ||     3
Armor: Skin              ||     6
Dodge: Dodged            ||    69
